 Dungeon Crawl Stone Soup version 0.29-a0-416-g83a48905f1 (webtiles) character file.

Game seed: 11442790853083481867

1022 happo123 the Ruffian (level 8, 0/112 HPs)
             Began as a Troll Berserker on May 16, 2022.
             Was an Elder of Trog.
             Slain by a wyvern zombie (4 damage)
             ... in an ossuary.
             The game lasted 00:12:37 (3087 turns).

happo123 the Ruffian (Troll Berserker)              Turns: 3087, Time: 00:12:37

Health: 0/112      AC:  5    Str: 28    XL:     8   Next: 2%
Magic:  7/7        EV: 10    Int:  3    God:    Trog [****..]
Gold:   171        SH:  0    Dex:  9    Spells: 7/7 levels left

rFire   + . .      SeeInvis .     - Unarmed
rCold   . . .      Faith    .   (no shield)
rNeg    . . .      Spirit   .   a - +0 animal skin
rPois   .          Reflect  .   b - +0 hat
rElec   .          Harm     .   n - +0 cloak
rCorr   .          Rampage  .   (gloves unavailable)
Will    +....                   (boots unavailable)
Stlth   ..........              (no amulet)
HPRegen 1.08/turn               o - ring of protection from fire
MPRegen 0.10/turn               t - ring of willpower

@: berserking, very quick
A: large, unfitting armour, claws 3, regeneration 1, shaggy fur 1, tough skin 1
a: Renounce Religion, Berserk, Trog's Hand, Brothers in Arms


You were in an ossuary.
You worshipped Trog.
Trog was greatly pleased with you.
You visited 1 branch of the dungeon, and saw 5 of its levels.
You also visited: Ossuary.

You collected 171 gold pieces.

Inventory:

Armour
 a - a +0 animal skin (worn)
 b - a +0 hat (worn)
 n - a +0 cloak (worn)
Jewellery
 m - an amulet of faith
 o - a ring of protection from fire (left claw)
 t - a ring of willpower (right claw)
 u - a ring of positive energy
 z - a ring of positive energy
Wands
 r - a wand of iceblast (10)
Scrolls
 f - 6 scrolls of identify {unknown}
 g - a scroll of immolation {unknown}
 i - a scroll of poison {unknown}
 j - a scroll of enchant weapon {unknown}
 l - a scroll of silence {unknown}
 p - 2 scrolls of blinking {unknown}
 q - a scroll of fear {unknown}
 s - 2 scrolls of magic mapping {unknown}
 w - 2 scrolls of teleportation {unknown}
 x - 2 scrolls of enchant armour {unknown}
 y - a scroll of acquirement {unknown}
Potions
 c - 3 potions of attraction {unknown}
 d - 4 potions of haste {unknown}
 e - 4 potions of curing {unknown}
 h - 2 potions of heal wounds {unknown}
 k - 3 potions of degeneration {unknown}
 v - a potion of berserk rage {unknown}
 A - 2 potions of flight {unknown}
 B - a potion of resistance {unknown}


   Skills:
 + Level 3.4 Fighting
 + Level 4.8 Dodging
 + Level 1.0 Stealth
 + Level 7.6 Unarmed Combat


You had 7 spell levels left.
You didn't know any spells.
Your spell library was empty.

Dungeon Overview and Level Annotations

Branches:
Dungeon (5/15)            Ossuary (1/1)
 Temple: D:4-7

Altars:
Gozag
Wu Jian

Shops:
D:1 =


Innate Abilities, Weirdness & Mutations

You are too large for most types of armour.
You have claws for hands.
Your natural rate of healing is unusually fast.
You are covered in fur. (AC +1)
You have tough skin. (AC +1)


Message History

The wyvern zombie bites you. The wyvern zombie barely misses you.
You scratch the wyvern zombie.
You claw the wyvern zombie, but do no damage.
The wyvern zombie is moderately damaged.
You scratch the wyvern zombie but do no damage.
The wyvern zombie is moderately damaged.
The wyvern zombie completely misses you.
The wyvern zombie bites you but does no damage.
You scratch the wyvern zombie but do no damage.
The wyvern zombie is moderately damaged.
The wyvern zombie bites you. The wyvern zombie barely misses you.
You barely miss the wyvern zombie.
The wyvern zombie is moderately damaged.
The wyvern zombie closely misses you. The wyvern zombie barely misses you.
You barely miss the wyvern zombie.
The wyvern zombie is moderately damaged.
The wyvern zombie bites you!
* * * LOW HITPOINT WARNING * * *
The wyvern zombie bites you!
* * * LOW HITPOINT WARNING * * *
You barely miss the wyvern zombie.
The wyvern zombie is moderately damaged.
The wyvern zombie closely misses you.
A bullfrog zombie comes into view.
The wyvern zombie bites you.
* * * LOW HITPOINT WARNING * * *
A red film seems to cover your vision as you go berserk!
You feel yourself moving faster!
You feel mighty! The wyvern zombie barely misses you.
The wyvern zombie bites you!
* * * LOW HITPOINT WARNING * * *
A mummy comes into view.
The wyvern zombie bites you.
* * * LOW HITPOINT WARNING * * *
Okay, then.
You are too berserk!
You barely miss the wyvern zombie. The wyvern zombie barely misses you.
You mangle the wyvern zombie!! You claw the wyvern zombie!
The wyvern zombie is almost destroyed.
The wyvern zombie bites you.
You die...

#############
#.#.#.#.#.#.#
#+#'#'#'#'#'#'###
+.............'.#
#.##'##'##'##.###
+.#...#.#...#@Z.#
# #.∩.###...#Z###
#..∩# #...#.≈
##### #####Z≈#
M≈≈. #≈≈≈# #≈M.#
#.≈##


You could see 2 mummies, a bullfrog zombie and 2 wyvern zombies.

Vanquished Creatures
  An ogre (D:5)
  An ice beast (D:3)
  2 water moccasin zombies (Ossuary)
  A scorpion (D:5)
  4 bullfrog zombies (Ossuary)
  2 centaur zombies (Ossuary)
  4 hounds
  A jelly (D:4)
  2 iguanas
  A killer bee zombie (Ossuary)
  5 mummies
  2 howler monkey zombies (Ossuary)
  4 adders
  A shadow imp (D:5)
  A white imp (D:5)
  3 ufetubi
  6 orcs
  7 bats
  9 endoplasms
  2 giant cockroaches
  6 goblins
  6 hobgoblins
  16 jackals
  5 quokkas
  7 ball pythons
  3 frilled lizards
  12 kobolds
  8 rats
122 creatures vanquished.

Vanquished Creatures (others)
  A withered plant (Ossuary)
1 creature vanquished.

Grand Total: 123 creatures vanquished

Notes
Turn   | Place    | Note
-------+----------+-------------------------------------------
     0 | D:1      | happo123 the Troll Berserker began the quest for the Orb.
     0 | D:1      | Reached XP level 1. HP: 22/22 MP: 0/0
    58 | D:1      | Found a faded altar of an unknown god.
   110 | D:1      | Reached XP level 2. HP: 27/29 MP: 1/1
   365 | D:1      | Reached ** piety under Trog
   371 | D:1      | Reached XP level 3. HP: 36/36 MP: 2/2
   580 | D:1      | Found Rome's Jewellery Emporium.
  1056 | D:2      | Reached skill level 4 in Unarmed Combat
  1056 | D:2      | Reached XP level 4. HP: 44/44 MP: 3/3
  1218 | D:2      | Found an opulent altar of Gozag.
  1244 | D:2      | Reached *** piety under Trog
  1603 | D:3      | Noticed an ice beast
  1610 | D:3      | Killed an ice beast
  1611 | D:3      | Reached XP level 5. HP: 44/53 MP: 4/4
  2221 | D:4      | Reached skill level 5 in Unarmed Combat
  2327 | D:4      | Reached XP level 6. HP: 54/61 MP: 5/5
  2404 | D:4      | Found an ornate altar of the Wu Jian Council.
  2790 | D:5      | Entered Level 5 of the Dungeon
  2806 | D:5      | Reached skill level 6 in Unarmed Combat
  2822 | D:5      | Reached XP level 7. HP: 48/67 MP: 6/6
  2899 | D:5      | Reached **** piety under Trog
  2955 | D:5      | Found a sand-covered staircase.
  2968 | Ossuary  | Entered an ossuary
  3033 | Ossuary  | Reached skill level 7 in Unarmed Combat
  3077 | Ossuary  | Reached skill level 1 in Stealth
  3077 | Ossuary  | Reached XP level 8. HP: 57/75 MP: 7/7
  3085 | Ossuary  | HP: 3/112 [wyvern zombie (3)]
  3087 | Ossuary  | Slain by a wyvern zombie

Illustrated notes

Levels and vault maps discovered:
D:1:      lightli_arrival_statuegarden, layout_basic,
          ebering_ecumenical_altar_hall, serial_shops, nicolae_diamond_shop,
          dk_noncrumbling_4, minmay_pentomino_t4
D:2:      layout_basic, basic_altar
D:3:      layout_loops_ring
D:4:      layout_basic, pdpol_wu_jian_five_deadly_venoms
D:5:      layout_rooms, minmay_temple_entry_poolview, gup_ossuary_entry_pyramid,
          minivault_5, minmay_fractal_squares_gapless_5
Ossuary:  ossuary_zaba_flooded

Skill      XL: |  1  2  3  4  5  6  7 |
---------------+----------------------+-----
Dodging        | 3 4 |  4.8
Unarmed Combat | 4 5 6 7 |  7.6
Fighting       | 3 |  3.4
Stealth        | 1 |  1.0

Action                   |  1- 3 |  4- 6 |  7- 9 || total
-------------------------+-------+-------+-------++-------
Melee: Unarmed           |   126 |   112 |    93 ||   331
       Punch             |     2 |     4 |     7 ||    13
Invok: Berserk           |       |     1 |     1 ||     2
 Stab: Distracted        |       |       |     1 ||     1
Armor: Animal skin       |    76 |    34 |    24 ||   134
Dodge: Dodged            |   120 |    73 |    47 ||   240

Table legend: (Time is in decaauts)
 A = Elapsed time spent in this place.
 B = Non-inter-level travel time spent in this place.
 C = Inter-level travel time spent in this place.
 D = Time resting spent in this place.
 E = Time spent auto-exploring this place.
 F = Levels seen in this place.
 G = Mean time per level.
                   A        B        C        D        E       F      G
               +--------+--------+--------+--------+--------+-----+--------+
         Total |   3067 |   2687 |    380 |      0 |   1929 |   6 |  511.2 |
       Dungeon |   2957 |   2577 |    380 |      0 |   1929 |   5 |  591.4 |
       Ossuary |    109 |    109 |      0 |      0 |      0 |   1 |  109.0 |
               +--------+--------+--------+--------+--------+-----+--------+

Top non-repeatable levels by time:
     D:1: 806 daAuts
     D:3: 712 daAuts
     D:2: 636 daAuts
     D:4: 629 daAuts
     D:5: 171 daAuts
 Ossuary: 109 daAuts
